cohdb
Replays
Latest Replays
All Replays
Popular Replays
Top Player Replays
Match Explorer
How It Works
Community
CoH3 Stats
Reddit
Sign in to upload your games and track your stats! →
Sign in with Steam
Match 27878068
Unlisted
Match 27878068
Overview
Messages
Build Orders
End
Construct Barracks
Selects Armored Battlegroup
Selects Veteran Crews
1⁄4-ton 4x4 Truck
Riflemen Squad
Riflemen Squad
Infantry Support Center
Riflemen Squad
Construct Medical Station
M1918 Browning Automatic Rifles
Selects Field Repairs
Construct Motor Pool
M1 Anti-tank Gun Team
M1 Anti-tank Gun Team
^3
carltonscott
0
0
Comments
sign in to comment!
No comments posted yet!